 Dungeon Crawl Stone Soup version 0.31-a0-232-gb1c03b2570 (webtiles) character file.

Game seed: 3643393967729314681

81 Ijustatesigmund the Stinger (level 4, 0/28 HPs)
             Began as an Octopode Venom Mage on July 7, 2023.
             Slain by a goblin
             ... wielding a +0 club
             ... led by Robin
              (3 damage)
             ... on level 2 of the Dungeon.
             The game lasted 00:02:53 (1956 turns).

Ijustatesigmund the Stinger (Octopode Venom Mage)   Turns: 1956, Time: 00:02:54

Health: 0/28       AC:  1    Str:  7    XL:     4   Next: 40%
Magic:  2/8        EV: 13    Int: 19    God:
Gold:   110        SH:  0    Dex: 12    Spells: 2/8 levels left

rFire   . . .        b - +0 hand axe
rCold   . . .        (no shield)
rNeg    + . .        (helmet restricted)
rPois   .            (no amulet)
rElec   .            d - ring of positive energy
rCorr   .            (no ring)
SInv    .            (no ring)
Will    .....        (no ring)
Stlth   +++          (no ring)
HPRegen 0.24/turn    (no ring)
MPRegen 0.11/turn    (no ring)
                     (no ring)

%: no passive effects
@: mighty, brilliant
A: almost no armour, amphibious, 8 rings, camouflage 1, gelatinous body 1,
(nimble swimmer 1), tentacles
a: no special abilities


You were on level 2 of the Dungeon.
You visited 1 branch of the dungeon, and saw 2 of its levels.

You collected 110 gold pieces.

Inventory:

Hand Weapons
 b - a +0 hand axe (weapon)
Jewellery
 d - a ring of positive energy (left tentacle)
Scrolls
 c - 2 scrolls of teleportation {unknown}
 e - a scroll of noise {unknown}
 f - a scroll of fog {unknown}
 g - 2 scrolls of identify {unknown}
 i - a scroll of fear {unknown}
Potions
 a - 2 potions of magic


   Skills:
 - Level 1.2 Fighting
 - Level 2.0 Dodging
 - Level 2.6 Stealth
 + Level 2.7 Spellcasting
 + Level 1.1 Conjurations
 - Level 1.0 Transmutations
 + Level 1.3 Air Magic
 + Level 4.4 Poison Magic


You had 2 spell levels left.
You knew the following spells:

 Your Spells              Type           Power      Damage    Failure   Level
a - Sting                 Tmut/Pois      76%        1d6       5%          1
b - Poisonous Vapours     Pois/Air       40%        N/A       7%          2
c - Mephitic Cloud        Conj/Pois/Air  17%        N/A       19%         3

Your spell library contained the following spells:

 Spells                   Type           Power      Damage    Failure   Level
 Olgreb's Toxic Radiance  Pois           29%        N/A       26%         4
 Dazzling Flash           Conj/Hex       14%        N/A       36%         3
 Volatile Blastmotes      Fire/Tloc      6%         2d10      43%         3
 Iskenderun's Mystic Bla  Conj/Tloc      7%         2d4       77%         4
 Starburst                Conj/Fire      3%         6d3       100%        6


Dungeon Overview and Level Annotations

Branches:
Dungeon (2/15)

Altars:


Innate Abilities, Weirdness & Mutations

You cannot wear most types of armour.
You are amphibious.
You can wear up to eight rings at the same time.
Your skin changes colour to match your surroundings (Stealth+).
Your rubbery body absorbs attacks. (AC +1, EV +1)
((You are camouflaged when in or above water. (Stealth+)))
You have tentacles for arms and can constrict up to eight enemies at once.


Message History

Poisonous vapours surround Robin!
Robin looks even sicker.
Robin roars a battlecry!
You hear a shout! x4
Robin laughs in a distinctly smug fashion.
Robin zaps a wand.
The puff of flame hits you!
Your magical contamination has completely faded away.
A goblin comes into view. It is wielding a +0 club.
Robin hits you with a +0 club.
A goblin comes into view. It is wielding a +0 club.
You closely miss Robin. Your grab misses Robin.
Robin is severely wounded.
Robin closely misses you.
You hit Robin. Your grab misses Robin.
Robin is severely wounded.
You barely miss the goblin.
The goblin no longer looks unusually strong.
The goblin hits you with a +0 dagger.
* * * LOW HITPOINT WARNING * * *
Robin throws the goblin at you!
* * * LOW HITPOINT WARNING * * *
You barely miss Robin. Your grab misses Robin.
Robin is severely wounded.
You closely miss the goblin. Robin closely misses you.
The goblin closely misses you.
It was a potion of brilliance.
You feel clever all of a sudden.
You kill Robin!
The goblin no longer looks unusually strong.
The goblin hits you with a +0 dagger.
* * * LOW HITPOINT WARNING * * *
The goblin completely misses you.
It was a potion of might.
You feel very mighty all of a sudden. The goblin misses you.
The goblin hits you but does no damage.
You barely miss the goblin. Your grab misses the goblin.
Your squeeze misses the goblin. You slash the goblin!
You kill the goblin!
The goblin hits you but does no damage. The goblin closely misses you.
The goblin hits you with a +0 club.
You die...

#...###..##..#.##........###
#..####........##........#
#..####....#..####.#.....#### #
...##....#...## #..##........
##....###.##.##...# #............
#....# ...........###...........#
..#.##... #.................#...#
.....)..###.....)gg.#...........#
................@# #......#.#.##
#..#.#.###.<(...g# #.####.......
.†.....##........# .. #.......
....#####...###### #.......
..#..##..(### ####..#...#
#..#.#..#.# ..........
##.#...##.# # .....##.##
##..#..##.# ##. .##...#...
.##.#...#.# ##.. #...#..#


You could see 3 goblins.

Vanquished Creatures
  Robin (D:2)
  An adder (D:2)
  3 dart slugs
  6 endoplasms
  2 giant cockroaches
  6 goblins
  7 hobgoblins
  3 kobolds (D:1)
  3 quokkas
  5 ball pythons
  6 bats
  3 frilled lizards
  6 rats
52 creatures vanquished.

Notes
Turn   | Place    | Note
-------+----------+-------------------------------------------
     0 | D:1      | Ijustatesigmund the Octopode Venom Mage began the quest for
                  | the Orb.
     0 | D:1      | Reached XP level 1. HP: 11/11 MP: 3/3
    66 | D:1      | Reached XP level 2. HP: 18/18 MP: 3/5
    69 | D:1      | Learned a level 2 spell: Poisonous Vapours
   262 | D:1      | Reached skill level 1 in Fighting
   324 | D:1      | Reached skill level 4 in Poison Magic
   548 | D:1      | You fall into a shaft and drop 1 floor!
   568 | D:2      | Reached XP level 3. HP: 19/23 MP: 6/6
   572 | D:2      | Learned a level 3 spell: Mephitic Cloud
  1320 | D:2      | Reached skill level 1 in Air Magic
  1449 | D:2      | Noticed Robin
  1625 | D:1      | Reached XP level 4. HP: 16/28 MP: 7/7
  1815 | D:2      | Reached skill level 1 in Conjurations
  1954 | D:2      | Killed Robin
  1956 | D:2      | Slain by a goblin

Illustrated notes

Levels and vault maps discovered:
D:1:      lemuel_arrival_tunnels, layout_basic, nrook_mini_backslash,
          grunt_decor_resistance
D:2:      layout_rooms, uniq_robin

Skill      XL: |  1  2  3  4 |
---------------+-------------+-----
Fighting       | 1 |  1.2
Poison Magic   | 4 |  4.4
Air Magic      | 1 |  1.3
Conjurations   | 1 |  1.1
Dodging        | |  2.0
Stealth        | |  2.6
Spellcasting   | |  2.7
Transmutations | |  1.0

Action                     |  1- 3 |  4- 6 || total
---------------------------+-------+-------++-------
  Melee: Tentacles         |    18 |     7 ||    25
         Hand axe          |    75 |    31 ||   106
         Constrict         |    20 |     6 ||    26
         Punch             |     2 |       ||     2
         Unarmed           |     1 |       ||     1
   Cast: Sting             |     1 |       ||     1
         Poisonous Vapours |     4 |     2 ||     6
    Use: Potion            |       |     2 ||     2
   Stab: Sleeping          |     9 |     3 ||    12
 Armour: Skin              |     8 |     6 ||    14
  Dodge: Dodged            |    60 |    31 ||    91

Table legend: (Time is in decaauts)
 A = Elapsed time spent in this place.
 B = Non-inter-level travel time spent in this place.
 C = Inter-level travel time spent in this place.
 D = Time resting spent in this place.
 E = Time spent auto-exploring this place.
 F = Levels seen in this place.
 G = Mean time per level.
                   A        B        C        D        E       F      G
               +--------+--------+--------+--------+--------+-----+--------+
         Total |   1990 |   1981 |      9 |    504 |   1059 |   2 |  995.0 |
       Dungeon |   1990 |   1981 |      9 |    504 |   1059 |   2 |  995.0 |
               +--------+--------+--------+--------+--------+-----+--------+

Top non-repeatable levels by time:
     D:1: 1548 daAuts
     D:2: 441 daAuts
